Map: New Gettysburg LE

Players

Tenonee - Winner!

  • Race: Terran Terran
  • League: Platinum

Luckyflux

  • Race: Terran Terran
  • League: Platinum

VOD

Have the link to the VOD?

Description

Time

  • Played on: July 24, 2016, 4:20 a.m.
  • Length: 15:17
Show
View Real Time Build Order
Export as new Build Order

Tenonee Terran - Winner!

Build Orders: Reaper Expand, Bio Tank 

Get SALT Encoding   

  12  0:01  SCV  
  13  0:13  SCV  
  14  0:21  Supply Depot  
  14  0:25  SCV  
  15  0:42  SCV  
  16  0:44  Barracks  
  16  0:52  Refinery  
  16  0:55  SCV  
  17  1:09  Supply Depot, SCV  
  18  1:22  SCV  
  19  1:41  Reaper  
  19  1:43  Orbital Command  
  20  2:01  Command Center  
  20  2:09  SCV  
  21  2:22  Barracks Reactor  
  20  2:24  SCV  
  21  2:34  Factory  
  21  2:36  SCV  
  22  2:43  Refinery  
  22  2:48  SCV  
  23  3:00  Barracks, SCV  
  23  3:02  Marine x2  
  26  3:12  SCV  
  27  3:19  Marine  
  28  3:20  Marine, Orbital Command  
  29  3:28  SCV  
  29  3:31  Factory Tech Lab  
  30  3:37  Marine x2  
  30  3:40  SCV  
  30  3:41  Orbital Command  
  33  3:52  Barracks Tech Lab, Siege Tank, SCV  
  37  4:02  Marine x2  
  39  4:04  SCV  
  39  4:08  SCV  
  41  4:15  Marine  
  41  4:16  SCV  
  43  4:19  Marine  
  43  4:20  Marine, SCV  
  43  4:21  Supply Depot  
  46  4:25  Supply Depot  
  46  4:42  Marine  
  46  4:43  Marine x2, Siege Tank, SCV  
  53  4:48  SCV  
  53  4:55  SCV  
  54  5:00  Marine, SCV  
  57  5:07  SCV  
  57  5:13  SCV  
  58  5:17  Marine x2  
  58  5:18  Marine  
  58  5:20  Command Center  
  61  5:25  Siege Tank  
  61  5:27  Starport  
  61  5:28  Supply Depot  
  64  5:35  Marine  
  64  5:40  SCV x2  
  67  5:43  Marine x2  
  67  5:48  Supply Depot  
  69  5:51  Supply Depot  
  69  5:52  SCV  
  69  5:53  Marine, Stimpack  
  71  6:01  Marine, Siege Tank  
  71  6:02  SCV  
  76  6:06  SCV  
  76  6:07  Marine  
  76  6:10  Starport Reactor  
  78  6:14  SCV  
  78  6:18  SCV  
  80  6:19  Marine  
  80  6:22  Refinery x2  
  80  6:25  Engineering Bay x2  
  81  6:33  Marine  
  81  6:36  Siege Tank  
  81  6:37  Marine x2  
  87  6:41  Supply Depot  
  87  6:43  Supply Depot  
  87  6:51  Marine  
  87  6:52  Terran Infantry Armor Level 1, Terran Infantry Weapons Level 1  
  88  6:55  Marine  
  87  7:03  Marine  
  87  7:07  Viking, Medivac  
  91  7:09  Marine, SCV x2  
  91  7:15  Orbital Command  
  93  7:17  Marine  
  93  7:19  Siege Tank  
  93  7:21  Marine  
  98  7:25  Barracks  
  98  7:26  Barracks, SCV  
  99  7:30  Refinery  
  99  7:34  Refinery  
  99  7:48  Marine  
  99  7:49  Marine x2  
  99  7:50  Viking, Medivac  
  106  7:54  Combat Shields  
  106  7:55  Siege Tank  
  106  7:56  SCV x2  
  111  8:00  Supply Depot x2  
  111  8:05  Armory  
  111  8:06  Marine x2  
  111  8:11  Marine  
  114  8:15  Supply Depot  
  114  8:16  Barracks Reactor x2  
  114  8:20  Viking, Medivac  
  114  8:24  Marine x2  
  120  8:28  Marine  
  120  8:31  SCV x2  
  123  8:42  Marine x2  
  123  8:43  SCV x2  
  126  8:49  Marine  
  126  8:52  Command Center  
  126  8:55  Siege Tank  
  129  9:00  Marine  
  129  9:01  Marine x4  
  129  9:02  Marine  
  134  9:07  Medivac  
  134  9:08  Viking  
  134  9:09  SCV x2  
  140  9:10  Factory  
  140  9:16  SCV  
  141  9:20  Terran Infantry Weapons Level 2  
  141  9:21  Terran Infantry Armor Level 2  
  140  9:25  Marine x4  
  140  9:29  Marine x2  
  140  9:30  Marine  
  146  9:42  Supply Depot x2  
  146  9:43  Marine, SCV  
  134  10:08  Marine  
  134  10:09  Marine  
  134  10:13  Marine  
  134  10:14  Marine x4  
  137  10:26  Marine x2  
  139  10:31  Factory Tech Lab, Marine x2  
  139  10:32  Marine x2  
  139  10:33  Viking x2, Siege Tank  
  150  10:42  Marine  
  149  10:47  Barracks  
  149  10:48  Barracks  
  149  10:49  Barracks  
  149  10:58  Marine x2  
  149  11:02  Marine x3  
  149  11:03  Viking, Marine x2  
  158  11:04  Siege Tank  
  158  11:07  Terran Vehicle Weapons Level 1  
  161  11:16  Marine x2  
  161  11:18  Supply Depot  
  163  11:20  Marine x4  
  163  11:23  Barracks  
  167  11:29  Starport  
  167  11:32  Command Center  
  167  11:38  Missile Turret  
  167  11:39  Missile Turret, Marine x2  
  169  11:40  Missile Turret  
  169  12:12  Marine x2  
  169  12:14  Barracks Tech Lab x2, Barracks Reactor  
  171  12:15  Siege Tank  
  171  12:16  Siege Tank  
  171  12:17  Viking x2  
  171  12:22  Marine x5  
  185  12:43  Marine x3  
  185  12:44  Marine x2  
  189  12:47  Viking x2  
  189  12:48  Siege Tank  
  197  12:53  Planetary Fortress  
  197  12:54  Factory  
  197  12:55  Factory  
  197  12:58  Refinery  
  197  13:01  Refinery  
  177  13:37  Marine  
  177  13:41  Marine x10  
  158  13:55  Marine  
  160  14:04  Viking, Siege Tank x2  
  160  14:05  Viking  
  160  14:06  Marine x4, Marauder x2  
  160  14:08  Marine  
  171  14:20  Marine x3, Marauder  
  175  14:26  Marine  
  175  14:27  Marine x6  
  180  14:34  Viking  
  180  14:36  Siege Tank  
  180  14:37  Marine  
  180  14:38  Marine x2  
  181  14:56  Marine  
Show
View Real Time Build Order
Export as new Build Order

Luckyflux Terran 

Build Orders: Bio Tank 

Get SALT Encoding   

  12  0:01  SCV  
  13  0:13  SCV  
  14  0:22  Supply Depot  
  14  0:26  SCV  
  15  0:43  SCV  
  15  0:44  Barracks  
  16  0:55  SCV  
  17  0:57  Barracks  
  17  1:06  Refinery  
  17  1:07  SCV  
  18  1:26  SCV  
  18  1:32  Marine  
  20  1:41  Supply Depot  
  20  1:44  Orbital Command  
  20  1:45  Marine  
  21  1:52  Marine  
  22  2:06  Marine  
  23  2:10  SCV  
  23  2:12  Marine  
  25  2:35  Marine x2  
  27  2:38  Command Center  
  27  2:42  SCV  
  28  2:46  Refinery  
  28  2:48  Factory  
  28  2:57  SCV  
  29  3:01  Supply Depot  
  29  3:21  Marine, SCV  
  31  3:27  Marine  
  32  3:34  Factory Tech Lab  
  32  3:39  Marine  
  32  3:41  Engineering Bay  
  33  3:43  Refinery  
  33  3:45  Marine  
  34  3:55  Orbital Command  
  34  3:57  Marine  
  34  4:00  Siege Tank  
  38  4:05  Barracks Tech Lab  
  38  4:07  Missile Turret  
  38  4:10  SCV  
  39  4:26  SCV  
  39  4:27  SCV  
  41  4:33  Missile Turret  
  41  4:36  Missile Turret  
  41  4:51  SCV x2  
  43  4:55  Siege Tank  
  43  4:56  Barracks Reactor  
  46  5:00  Starport  
  46  5:01  Combat Shields, Terran Infantry Weapons Level 1  
  46  5:03  Marine  
  47  5:10  Missile Turret, SCV  
  47  5:11  SCV  
  49  5:21  Marine  
  50  5:26  Supply Depot  
  49  5:36  SCV  
  49  5:37  SCV  
  49  5:42  Siege Tank  
  54  5:48  Barracks Reactor, SCV  
  54  5:49  SCV  
  56  5:51  Viking x2  
  60  6:00  Armory  
  60  6:03  Supply Depot, SCV  
  61  6:05  SCV  
  62  6:13  Refinery  
  62  6:15  SCV  
  62  6:17  Missile Turret, Supply Depot  
  63  6:23  Marine  
  64  6:25  Medivac x2  
  68  6:33  SCV x2  
  68  6:34  Marine x2  
  68  6:37  Stimpack  
  72  6:41  Marine  
  72  6:45  SCV  
  73  6:59  Marine x3  
  73  7:00  Siege Tank  
  75  7:02  SCV  
  76  7:13  Liberator, Terran Infantry Armor Level 1  
  76  7:25  Armory  
  76  7:26  Supply Depot, Engineering Bay  
  76  7:31  Command Center  
  77  7:52  SCV x2  
  77  7:58  Supply Depot  
  79  7:59  Missile Turret  
  79  8:02  Supply Depot, Terran Infantry Weapons Level 2  
  79  8:04  SCV  
  79  8:05  SCV  
  83  8:13  Marine x2, Marauder  
  83  8:15  Missile Turret  
  83  8:19  Siege Tank  
  88  8:22  Factory  
  88  8:23  Starport  
  88  8:27  Viking  
  88  8:31  SCV  
  88  8:32  SCV  
  92  8:35  Supply Depot  
  92  8:43  SCV  
  92  8:44  SCV  
  92  8:45  Marine x2  
  95  9:01  Starport Reactor  
  95  9:09  Terran Infantry Armor Level 2  
  95  9:11  Terran Vehicle Weapons Level 1  
  95  9:12  Terran Ship Weapons Level 1  
  95  9:13  Command Center, Factory Tech Lab  
  95  9:33  SCV x2  
  95  9:35  Siege Tank  
  95  9:38  Viking  
  102  9:40  Marine x3  
  102  9:45  Orbital Command  
  103  10:04  Marine  
  103  10:05  Marauder  
  87  10:07  Marine  
  84  10:21  Siege Tank  
  82  10:22  Marine, Siege Tank  
  82  10:23  Viking  
  82  10:25  Marine  
  82  10:26  Marauder  
  91  10:40  Marine  
  92  10:43  Marine  
  91  10:56  Viking x2  
  95  10:58  Marine  
  95  11:00  Marine  
  97  11:05  Orbital Command, SCV x2  
  97  11:06  Orbital Command  
  97  11:08  Terran Infantry Weapons Level 3  
  97  11:10  Terran Vehicle And Ship Armor Level 1  
  99  11:36  SCV x2  
  101  11:42  Terran Ship Weapons Level 2  
  101  11:45  Medivac x2  
  101  11:46  Missile Turret  
  105  11:47  Missile Turret, SCV  
  105  11:48  SCV  
  105  11:53  Refinery  
  107  11:59  Refinery  
  107  12:07  Marine x3  
  110  12:16  SCV x4  
  114  12:25  Marine x3  
  114  12:27  Missile Turret  
  114  12:28  SCV x4  
  118  12:30  Terran Infantry Armor Level 3  
  117  12:43  Marine x3  
  123  12:44  Siege Tank x2  
  123  12:46  Viking x2  
  130  12:56  Barracks  
  130  12:59  SCV x2  
  130  13:01  Marine x2, Marauder  
  130  13:04  SCV x2  
  138  13:11  SCV x2  
  140  13:12  Concussive Shells  
  140  13:26  Supply Depot  
  140  13:28  Marine  
  140  13:29  Marauder, Marine, SCV  
  140  13:31  Supply Depot  
  93  13:43  Marine  
  93  13:45  Hi-Sec Auto Tracking  
  93  13:46  Marine  
  93  13:47  Marine  
  96  13:50  Marauder  
  96  13:55  Supply Depot  
  98  13:57  Siege Tank  
  98  14:01  Marine  
  101  14:04  Marine x2  
  102  14:12  Marauder  
  101  14:19  Marine  
  101  14:22  Marine x2  
  92  14:33  Marauder  
  92  14:37  Viking x2, Marine  
  92  14:38  Siege Tank  
  102  14:40  Marine x2  
  102  14:44  Missile Turret  
  103  14:46  Orbital Command  
  103  14:49  Missile Turret  
  99  14:54  Marine, Marauder  
  99  14:57  Marine  
  99  14:58  Marine  
Tags
 
Add a new tag
Caveats
  • Supply blocks, unpowered buildings, or Contaminate may cause inaccurate times.
  • Supply counts are checked every 10 seconds.